 Dungeon Crawl Stone Soup version 0.28-a0-691-gad6df49e81 (webtiles) character file.

Game seed: 17739971974421551935

310 spiderkeys the Ruffian (level 6, -4/61 HPs)
             Began as a Troll Abyssal Knight on Oct 21, 2021.
             Was a Follower of Lugonu.
             Slain by Menkaure (22 damage)
             ... on level 4 of the Dungeon.
             The game lasted 00:03:55 (2251 turns).

spiderkeys the Ruffian (Troll Abyssal Knight)       Turns: 2251, Time: 00:03:55

Health: -4/61      AC:  5    Str: 30    XL:     6   Next: 17%
Magic:  7/7        EV: 10    Int:  6    God:    Lugonu [*.....]
Gold:   126        SH:  0    Dex: 10    Spells: 5/5 levels left

rFire   . . .      SeeInvis .     - Unarmed
rCold   . . .      Faith    .   (no shield)
rNeg    . . .      Spirit   .   a - +0 robe
rPois   .          Reflect  .   (helmet restricted)
rElec   .          Harm     .   e - +0 cloak
rCorr   .          Rampage  .   (gloves unavailable)
Will    .....                   (boots unavailable)
Stlth   +.........              (no amulet)
HPRegen 1.20/turn               S - +6 ring of strength
MPRegen 0.10/turn               (no ring)

@: no status effects
A: large, unfitting armour, claws 3, regeneration 1, shaggy fur 1, tough skin 1
a: Renounce Religion, Depart the Abyss


You were on level 4 of the Dungeon.
You worshipped Lugonu.
Lugonu was aware of your devotion.
You visited 1 branch of the dungeon, and saw 4 of its levels.
You visited the Abyss 1 time.

You collected 126 gold pieces.


Innate Abilities, Weirdness & Mutations

You are too large for most types of armour.
You have claws for hands.
Your natural rate of healing is unusually fast.
You are covered in fur. (AC +1)
You have tough skin. (AC +1)


   Skills:
 + Level 3.3 Fighting
 + Level 2.0 Armour
 + Level 2.9 Dodging
 + Level 3.3 Unarmed Combat
 + Level 2.9 Invocations


You had 5 spell levels left.
You didn't know any spells.
Your spell library contained the following spells:

 Spells                   Type           Power      Damage    Failure   Level
 Portal Projectile        Hex/Tloc       0%         N/A       83%         3
 Blade Hands              Tmut           0%         N/A       100%        5
 Excruciating Wounds      Necr           0%         N/A       100%        5

Inventory:

Missiles
 i - 37 stones
 j - 111 arrows
 m - 17 poisoned darts
Armour
 a - a +0 robe (worn)
 e - a +0 cloak (worn)
   (You found it on level 1 of the Dungeon)
Jewellery
 S - a +6 ring of strength (left claw)
   (You found it on level 2 of the Dungeon)
Scrolls
 b - a scroll of enchant armour {unknown}
 g - 3 scrolls of identify {unknown}
 k - 2 scrolls of enchant weapon
 o - a scroll of fog {unknown}
 p - a scroll of holy word {unknown}
 q - a scroll of summoning {unknown}
 t - a scroll of magic mapping {unknown}
Potions
 c - a potion of berserk rage {unknown}
 d - a potion of curing {unknown}
 f - a potion of might {unknown}
 h - a potion of flight {unknown}
 l - a potion of invisibility {unknown}
 n - a potion of cancellation {unknown}
 r - a potion of ambrosia {unknown}
 s - a potion of attraction {unknown}

Dungeon Overview and Level Annotations

Branches:
Dungeon (4/15)
 Temple: D:4-7

Altars:
Dithmenos
Gozag
The Shining One

Shops:
D:4 (

Annotations:
D:4 Menkaure

#### ####
#..#########..#
#.#.M.h.....#.#
#h#.≈≈≈≈≈≈≈.#h###
##M#≈..≈≈≈..≈#....
#@.#≈.≈...≈.≈#####
+..#≈.≈._.≈.≈#
#..#≈.≈...≈.≈#
####≈..≈≈≈..≈#
#.≈≈≈≈≈≈≈.# #


You could see Menkaure (fast) and a jackal.


Message History

Throw: 18 darts (poison)
Press: ? - help, Shift-Dir - straight line, f/p - ogre
Aim: an ogre, wielding a +0 giant club (72% to hit)
You throw a poisoned dart. The poisoned dart hits the ogre.
You claw the ogre! The ogre closely misses you.
You scratch the ogre.
The jackal pauses to sniff the ground.
The ogre hits you with a +0 giant club!! 😮 HP[-19]
You take 19 damage, and now have 34/53 hp.
MASSIVE DAMAGE!! (PAUSE)
You claw the ogre!
You kill the ogre!
Lugonu accepts your kill.
Your Armour skill increases to level 2!
You have reached level 6!
Your experience leads to an increase in your attributes!
Your base attributes are Str 22, Int 6, Dex 10.
Increase (S)trength, (I)ntelligence, or (D)exterity?
You feel stronger. x2 😮 HP[+6] MP[+1]
You now have 61 max hp (+8).
You regained 6 hp, and now have 40/61 hp.
Your mp is fully restored (7).
You claw the adder!
You kill the adder!
Lugonu accepts your kill. Menkaure casts a spell at you.
Pain shoots through your body! 😮 HP[-6]
You take 6 damage, and now have 34/61 hp.
Menkaure barely misses you.
Things that are here:
a +0 giant club; an ogre corpse; 😮 HP[+1]
You closely miss Menkaure.
Menkaure's ankle releases a plume of dust as he confides, "I'm not really a mummy, you know."
Menkaure closely misses you. 😮 HP[+1]
You completely miss Menkaure. Menkaure hits you!!
* * * LOW HITPOINT WARNING * * *
Menkaure's bandages flutter.
Menkaure hits you.
* * * LOW HITPOINT WARNING * * *
😱 HP[-21]
You take 21 damage, and now have 15/61 hp.
MASSIVE DAMAGE!! (PAUSE)
You scratch Menkaure. Menkaure misses you. 😨 HP[+1]
You barely miss Menkaure.
Menkaure closely misses you. 😨 HP[+1] 😨 HP[+2]
You regained 2 hp, and now have 19/61 hp.
Menkaure whispers, "It doesn't hurt if you pull your brain out of your nose yourself." 😨 HP[+1] 😨 HP[+1] Menkaure hits you!
* * * LOW HITPOINT WARNING * * *
😱 HP[-9]
You take 9 damage, and now have 12/61 hp.
Unknown command. 😱 HP[+1]
Found an opulent altar of Gozag. 😱 HP[+2]
You regained 2 hp, and now have 15/61 hp. 😨 HP[+1] 😨 HP[+1] Menkaure gestures at you while chanting.
Pain shoots through your body!
* * * LOW HITPOINT WARNING * * *
😱 HP[-11]
You take 11 damage, and now have 6/61 hp. 😱 HP[+1] 😱 HP[+2]
You regained 2 hp, and now have 9/61 hp. 😱 HP[+1] 😱 HP[+1] Menkaure calls on the powers of darkness!
The jackal convulses!
Your body is wracked with pain!
* * * LOW HITPOINT WARNING * * *
😱 HP[-4]
You take 4 damage, and now have 7/61 hp. 😱 HP[+1] Menkaure draws the symbol "Udjat" in the dust. 😱 HP[+2]
You regained 2 hp, and now have 10/61 hp. 😱 HP[+1]
Okay, then. 😱 HP[+1] 😱 HP[+1] 😱 HP[+1]
You scratch Menkaure but do no damage. Menkaure casts a spell at you.
You barely resist. 😨 HP[+2]
You regained 2 hp, and now have 16/61 hp.
You scratch Menkaure but do no damage. Menkaure barely misses you. 😨 HP[+1]
You claw Menkaure! Menkaure hits you!!
You die...

Skill      XL: |  1  2  3  4  5 |
---------------+----------------+-----
Dodging        | 2 |  2.9
Invocations    | 2 |  2.9
Armour         | 1 2 |  2.0
Fighting       | 3 |  3.3
Unarmed Combat | 3 |  3.3

Action                   |  1- 3 |  4- 6 || total
-------------------------+-------+-------++-------
Melee: Unarmed           |    64 |    79 ||   143
       Punch             |     1 |       ||     1
Throw: Dart              |       |     2 ||     2
Invok: Depart the Abyss  |     1 |       ||     1
  Use: Scroll            |     1 |       ||     1
Armor: Robe              |    35 |    22 ||    57
Dodge: Dodged            |    39 |    31 ||    70

Levels and vault maps discovered:
D:1:      dpeg_arrival_ratfight, layout_rooms,
          shapermc_ecumenical_altar_totnotflames, serial_park_tiny_2,
          chequers_serial_rivers_small_a
D:2:      layout_basic, uniq_jessica, uniq_natasha
D:3:      layout_loops_ring, gammafunk_temple_overflow_wave, lemuel_old_faithful
D:4:      layout_basic, mainiacjoe_overflow_paths, nicolae_specific_store,
          dk_noncrumbling_3, kennysheep_windowed_goal, uniq_menkaure

Notes
Turn   | Place    | Note
-------+----------+-------------------------------------------
     0 | Abyss:1  | spiderkeys the Troll Abyssal Knight began the quest for the
                  | Orb.
     0 | Abyss:1  | Reached XP level 1. HP: 22/22 MP: 1/1
     0 | Abyss:1  | magus.rc [v1.9.10]
    52 | Abyss:2  | Noticed a raiju
    53 | Abyss:2  | Noticed a quasit
    61 | Abyss:2  | Noticed a ynoxinul
    63 | Abyss:2  | Killed a quasit
    64 | Abyss:2  | Reached skill level 2 in Dodging
    64 | Abyss:2  | Reached skill level 2 in Invocations
    64 | Abyss:2  | Reached XP level 2. HP: 27/29 MP: 2/2
    64 | Abyss:2  | Reached XP level 3. HP: 34/36 MP: 3/3
    84 | Abyss:3  | Found a viscous altar of Jiyva.
   122 | Abyss:4  | You pick up a book of Weapons and begin reading...
   122 | Abyss:4  | You add the spells Portal Projectile, Excruciating Wounds
                  | and Blade Hands to your library.
   134 | Abyss:4  | Noticed a neqoxec
   142 | Abyss:4  | Noticed an ancient zyme
   147 | Abyss:4  | Noticed a rakshasa
   148 | Abyss:4  | Noticed a tentacled starspawn
   151 | Abyss:4  | Noticed a tentacled starspawn
   160 | Abyss:4  | Noticed a large abomination
   160 | Abyss:4  | Noticed a raiju
   164 | D:1      | You pass through the gate.
   164 | D:1      | Escaped the Abyss
   490 | D:1      | Reached * piety under Lugonu
   491 | D:1      | Reached skill level 1 in Armour
   693 | D:1      | Found a faded altar of an unknown god.
   796 | D:2      | Noticed Jessica
   813 | D:2      | Killed Jessica
   814 | D:2      | Reached XP level 4. HP: 36/44 MP: 4/4
  1145 | D:2      | Noticed Natasha
  1156 | D:2      | Killed Natasha
  1157 | D:2      | Reached skill level 3 in Fighting
  1344 | D:2      | Noticed Natasha
  1350 | D:2      | Killed Natasha
  1351 | D:2      | Reached XP level 5. HP: 53/53 MP: 5/5
  1401 | D:2      | Noticed Natasha
  1408 | D:2      | Killed Natasha
  1409 | D:2      | Reached skill level 3 in Unarmed Combat
  1852 | D:3      | Found a shadowy altar of Dithmenos.
  1853 | D:3      | Found a glowing golden altar of the Shining One.
  2213 | D:4      | Found Nitheggu's Weapon Shop.
  2213 | D:4      | Noticed an ogre
  2213 | D:4      | Noticed Menkaure
  2222 | D:4      | Killed an ogre
  2223 | D:4      | Reached skill level 2 in Armour
  2223 | D:4      | Reached XP level 6. HP: 40/61 MP: 7/7
  2226 | D:4      | HP: 15/61 [Menkaure (4)]
  2232 | D:4      | HP: 12/61 [Menkaure (10)]
  2234 | D:4      | Found an opulent altar of Gozag.
  2237 | D:4      | HP: 6/61 [Menkaure/nerve-wracking pain (12)]
  2242 | D:4      | HP: 7/61 [??? (5)]
  2251 | D:4      | Slain by Menkaure

Vanquished Creatures
  An ogre (D:4)
  A quasit (Abyss:2)
  Jessica (D:2)
  Natasha (thrice) (D:2)
  4 gnolls (D:3)
  An adder (D:4)
  A worm (D:2)
  6 ball pythons
  3 bats
  4 endoplasms
  3 giant cockroaches
  4 goblins
  3 hobgoblins
  2 jackals (D:2)
  2 kobolds
  2 quokkas (D:1)
  6 frilled lizards
  8 rats
55 creatures vanquished.

Vanquished Creatures (others)
  12 starspawn tentacles (Abyss:4)
12 creatures vanquished.

Grand Total: 67 creatures vanquished

Table legend:
 A = Non-vault XP
 B = Vault XP
 C = Vault XP percentage of total XP
 D = Non-vault monster count
 E = Vault monster count
 F = Vault count percentage of total count
                 A         B        C        D         E       F
            +---------+---------+-------+---------+---------+-------
      Total |     241 |     202 |  45.6 |      46 |       9 |  16.4
            +---------+---------+-------+---------+---------+-------
        D:1 |      29 |       5 |  14.7 |      17 |       5 |  22.7
        D:2 |      92 |      72 |  43.9 |      14 |       2 |  12.5
        D:3 |      71 |       0 |   0.0 |      12 |       0 |   0.0
        D:4 |       3 |     125 |  97.7 |       2 |       2 |  50.0
    Abyss:2 |      46 |       0 |   0.0 |       1 |       0 |   0.0
            +---------+---------+-------+---------+---------+-------

Illustrated notes

Table legend:
 A = Kills in this place as a percentage of kills in entire the game.
 B = Kills by you in this place as a percentage of kills by you in the entire game.
 C = Kills by friends in this place as a percentage of kills by friends in the entire game.
 D = Other kills in this place as a percentage of other kills in the entire game.
 E = Experience gained in this place as a percentage of experience gained in the entire game.
 F = Experience gained in this place divided by the number of levels of this place that you have seen.
                   A       B       C       D       E      F
               +-------+-------+-------+-------+-------+----------------------
         Total | 100.0 | 100.0 |   N/A |   N/A | 100.0 |  55.4
       Dungeon |  98.2 |  98.2 |   N/A |   N/A |  89.6 |  99.2
         Abyss |   1.8 |   1.8 |   N/A |   N/A |  10.4 |  11.5
               +-------+-------+-------+-------+-------+----------------------

Table legend: (Time is in decaauts)
 A = Elapsed time spent in this place.
 B = Non-inter-level travel time spent in this place.
 C = Inter-level travel time spent in this place.
 D = Time resting spent in this place.
 E = Time spent auto-exploring this place.
 F = Levels seen in this place.
 G = Mean time per level.
                   A        B        C        D        E       F      G
               +--------+--------+--------+--------+--------+-----+--------+
         Total |   2243 |   2127 |    116 |      0 |   1596 |   8 |  280.4 |
       Dungeon |   2079 |   1963 |    116 |      0 |   1594 |   4 |  519.8 |
         Abyss |    163 |    163 |      0 |      0 |      2 |   4 |   40.8 |
               +--------+--------+--------+--------+--------+-----+--------+

Top non-repeatable levels by time:
     D:3: 713 daAuts
     D:1: 629 daAuts
     D:2: 611 daAuts
     D:4: 125 daAuts
 Abyss:2: 58 daAuts
 Abyss:4: 54 daAuts
 Abyss:3: 41 daAuts
 Abyss:1: 9 daAuts
